[Event "FIDE WCCC Open-08 2024"]
[Site "Montesilvano"]
[Date "2024.11.24"]
[Round "9.9"]
[White "Alloussi, Arian"]
[Black "Rajabov, Abdurahmon"]
[Result "0-1"]
[ECO "C00"]
[WhiteElo "1745"]
[BlackElo "1515"]
[Annotator "NA RC"]
[PlyCount "92"]
[EventDate "2024.11.18"]
[EventType "swiss"]
[EventCountry "ITA"]
[SourceTitle "playchess.com"]
[Source "ChessBase"]
[SourceQuality "1"]
[TimeControl "5400+30"]

1. e4 e6 2. d3 d5 3. Qe2 Nf6 4. Nf3 c5 5. g3 Nc6 6. Bg2 d4 7. O-O e5 8. Nbd2 Bd6 9. Nb3 O-O 10. Re1 Nd7 11. c3 b5 12. cxd4 cxd4 13. Bd2 a5 14. a4 bxa4 15. Rxa4 Nb6 16. Bxa5 Be6 17. Bxb6 Qxb6 18. Rxa8 Rxa8 19. Ra1 Rb8 20. Nc1 Qxb2 21. Qxb2 Rxb2 22. Bf1 Kf8 23. Ng5 Ke7 24. Nxe6 Kxe6 25. Ra6 Nb4 26. Ra8 Rb1 27. Rc8 f5 28. f3 fxe4 29. fxe4 Be7 30. Kg2 Bg5 31. Ne2 Kf6 32. Rb8 Rb2 33. Rb6+ Kf7 34. h4 Be7 35. Kg1 Nxd3 36. Rc6 Nb4 37. Rc7 d3 38. Nc3 Rc2 39. Nb5 d2 40. Be2 Rc1+ 41. Kg2 d1=Q 42. Bxd1 Rxd1 43. Rc4 Nd3 44. Kf3 Nc5 45. Ke2 Rb1 46. Nc3 Rb2+ 0-1